 Dungeon Crawl Stone Soup version 0.26-a0-661-g406de6ba63 (webtiles) character file.

Game seed: 3844373208332695760

903 GoodGuyCap the Cleaver (level 8, -4/69 HPs)
             Began as a Hill Orc Monk on Oct 8, 2020.
             Was a Believer of Beogh.
             Killed by nerve-wracking pain
             ... invoked by an orc priest
              (13 damage)
             ... on level 6 of the Dungeon.
             The game lasted 00:06:56 (7198 turns).

GoodGuyCap the Cleaver (Hill Orc Monk)              Turns: 7198, Time: 00:06:58

Health: -4/69      AC: 13    Str: 16    XL:     8   Next: 7%
Magic:  8/8        EV:  5    Int: 16    God:    Beogh [**....]
Gold:   175        SH: 14    Dex: 13    Spells: 7/7 levels left

rFire    + . .     SeeInvis .   a - +0 hand axe
rCold    x . .     Faith    .   j - +0 kite shield
rNeg     . . .     Spirit   .   i - +0 chain mail
rPois    .         Reflect  +   h - +2 helmet
rElec    .         Harm     .   n - +0 cloak
rCorr    .         Rampage  .   (no gloves)
MR       .....                  (no boots)
Stlth    ..........             q - amulet of reflection
HPRegen  0.21/turn              d - ring of fire
MPRegen  0.11/turn              l - +6 ring of intelligence

@: lightly drained
A: no striking features
a: Smiting, Renounce Religion


You were on level 6 of the Dungeon.
You worshipped Beogh.
Beogh was pleased with you.
You visited 1 branch of the dungeon, and saw 6 of its levels.

You collected 175 gold pieces.

Inventory:

Hand Weapons
 a - a +0 hand axe (weapon)
Armour
 h - a +2 helmet (worn)
 i - a +0 chain mail (worn)
 j - a +0 kite shield (worn)
 n - a +0 cloak (worn)
Jewellery
 d - a ring of fire (left hand)
 l - a +6 ring of intelligence (right hand)
 q - an amulet of reflection (around neck)
 t - a cursed ring of teleportation {unknown}
Wands
 m - a wand of paralysis (12)
Scrolls
 b - 3 scrolls of amnesia {unknown}
 e - 2 scrolls of teleportation
 f - 2 scrolls of identify {unknown}
 g - 2 scrolls of enchant armour {unknown}
 o - a scroll of fear {unknown}
 p - a scroll of blinking {unknown}
 s - 2 scrolls of remove curse {unknown}
Potions
 c - a potion of might
 k - 3 potions of haste
 r - a potion of degeneration {unknown}


   Skills:
 + Level 5.4(4.8) Fighting
 + Level 8.3(7.7) Axes
 + Level 4.0(3.4) Armour
 + Level 3.0(2.4) Dodging
 + Level 2.0(1.5) Stealth
 + Level 3.8(3.2) Shields
 + Level 0.8(0.3) Invocations


You had 7 spell levels left.
You didn't know any spells.
Your spell library was empty.

Dungeon Overview and Level Annotations

Branches:
Dungeon (6/15)
 Temple: D:4-7

Altars:
Uskayaw
Xom


Message History

Your chain mail prevents you from hitting the hound.
The hound is severely wounded.
You closely miss the orc priest. You block the orc priest's attack.
The hound bites you but does no damage.
Unknown command.
You barely miss the hound.
The hound is severely wounded.
You hit the orc priest but do no damage.
The hound bites you but does no damage.
The orc priest invokes the aid of Beogh against you.
Beogh smites you!
* * * LOW HITPOINT WARNING * * *
Your shield and chain mail prevent you from hitting the hound.
The hound is severely wounded.
You closely miss the orc priest. The hound bites you.
* * * LOW HITPOINT WARNING * * *
The orc priest mumbles some strange prayers to Beogh against you.
Pain shoots through your body!
You die...
Beogh appreciates the orc priest's killing of a heretic priest.

....... ..
.......## ......
........# ......
........##.....#
........#.....o#
............o...
......[)#.....o.
......)@#......o
......oh<......#
...........(#..#
.......).#..#
........##...#
......... ....
.......#. ....#
....... . ...#
...... ..##


You could see a hound and an orc priest.

Vanquished Creatures
  2 ogres
  A gnoll sergeant (D:5)
  2 scorpions
  A howler monkey (D:5)
  A centaur skeleton (D:5)
  6 orc priests
  2 orc wizards
  3 worker ants
  A hound zombie (D:3)
  7 gnolls (D:5)
  6 adders
  A river rat (D:4)
  A shadow imp (D:3)
  3 white imps
  2 worms
  3 dart slugs
  5 leopard geckos
  28 orcs
  2 ball pythons
  4 giant cockroaches
  6 goblins
  3 hobgoblins
  3 jackals (D:1)
  4 quokkas
  3 bats
  A frilled lizard (D:5)
  8 kobolds
  A quokka skeleton (D:5)
  5 rats
115 creatures vanquished.

Vanquished Creatures (others)
  An orc (D:4)
1 creature vanquished.

Grand Total: 116 creatures vanquished

Notes
Turn   | Place    | Note
-------+----------+-------------------------------------------
     0 | D:1      | GoodGuyCap the Hill Orc Monk began the quest for the Orb.
     0 | D:1      | Reached XP level 1. HP: 19/19 MP: 1/1
   219 | D:1      | Reached XP level 2. HP: 23/27 MP: 2/2
  1239 | D:2      | Reached XP level 3. HP: 27/33 MP: 3/3
  1414 | D:2      | Noticed a killer bee
  1414 | D:2      | Noticed a killer bee
  1414 | D:2      | Noticed a killer bee
  1414 | D:2      | Noticed a killer bee
  1414 | D:2      | Noticed a killer bee
  1414 | D:2      | Noticed a killer bee
  1810 | D:3      | Reached skill level 5 in Axes
  1810 | D:3      | Reached XP level 4. HP: 38/41 MP: 4/4
  1872 | D:3      | Reached skill level 1 in Armour
  2701 | D:3      | Reached XP level 5. HP: 46/47 MP: 5/5
  2762 | D:3      | Found a hide-covered altar of Uskayaw.
  2766 | D:3      | Found a shimmering altar of Xom.
  2954 | D:3      | Reached skill level 6 in Axes
  3875 | D:4      | Reached skill level 1 in Shields
  3875 | D:4      | Reached XP level 6. HP: 19/53 MP: 6/6
  4249 | D:4      | Became a worshipper of Beogh the Brigand
  4249 | D:4      | Reached * piety under Beogh
  4249 | D:4      | Reached ** piety under Beogh
  5407 | D:5      | Entered Level 5 of the Dungeon
  5420 | D:5      | Reached skill level 7 in Axes
  5425 | D:5      | Reached skill level 5 in Fighting
  5500 | D:5      | Reached XP level 7. HP: 54/61 MP: 7/7
  5802 | D:5      | Reached skill level 8 in Axes
  5862 | D:5      | HP: 3/61 [poisoned by a gnoll]
  5870 | D:5      | HP: 3/61 [poisoned by a gnoll]
  6354 | D:5      | Reached XP level 8. HP: 7/69 MP: 8/8
  7198 | D:6      | Killed from afar by an orc priest

Illustrated notes

Levels and vault maps discovered:
D:1:      heliophobic_arrival_ceremonial_halls, layout_loops_corners,
          lemuel_old_faithful
D:2:      layout_loops_ring, minmay_lizard_king
D:3:      layout_basic, grunt_temple_overflow_open, wad_orctagon
D:4:      layout_gridville, gup_sewer_entry_bubbles
D:5:      layout_rooms
D:6:      layout_cave_pools, gammafunk_temple_overflow_wave, temple_pool_b,
          ebering_ghost_sewer_d

Skill      XL: |  1  2  3  4  5  6  7  8 |
---------------+-------------------------+-----
Fighting       | 4 5 |  5.4
Axes           | 5 6 7 8 |  8.3
Armour         | 1 2 3 4 |  4.0
Shields        | 1 2 3 |  3.8
Stealth        | 2 |  2.0
Dodging        | 3 |  3.0
Invocations    | |  0.8

Action                   |  1- 3 |  4- 6 |  7- 9 || total
-------------------------+-------+-------+-------++-------
Melee: Hand axe          |   102 |   272 |   158 ||   532
Invok: Convert to Beogh  |       |     1 |       ||     1
       Smiting           |       |       |     3 ||     3
  Use: Potion            |     2 |     1 |     3 ||     6
       Scroll            |     1 |       |       ||     1
 Stab: Sleeping          |     2 |       |       ||     2
Armor: Robe              |    21 |       |       ||    21
       Chain mail        |    47 |   162 |    83 ||   292
       Skin              |       |       |     6 ||     6
Dodge: Dodged            |    72 |    44 |    26 ||   142
Block: Kite shield       |    21 |   120 |   141 ||   282
       Reflection        |       |     5 |     3 ||     8

Table legend: (Time is in decaauts)
 A = Elapsed time spent in this place.
 B = Non-inter-level travel time spent in this place.
 C = Inter-level travel time spent in this place.
 D = Time resting spent in this place.
 E = Time spent auto-exploring this place.
 F = Levels seen in this place.
 G = Mean time per level.
                   A        B        C        D        E       F      G
               +--------+--------+--------+--------+--------+-----+--------+
         Total |   7240 |   6947 |    293 |   2202 |   3727 |   6 | 1206.7 |
       Dungeon |   7240 |   6947 |    293 |   2202 |   3727 |   6 | 1206.7 |
               +--------+--------+--------+--------+--------+-----+--------+

Top non-repeatable levels by time:
     D:4: 2010 daAuts
     D:3: 1833 daAuts
     D:5: 1738 daAuts
     D:1: 1232 daAuts
     D:2: 392 daAuts
     D:6: 33 daAuts
